[Event "Teplice Open 2022"]
[Site "Teplice"]
[Date "2022.06.20"]
[Round "3.20"]
[White "Karthik Venkataraman"]
[Black "Eidelman, Gabriel"]
[Result "1-0"]
[ECO "A45"]
[WhiteElo "2480"]
[BlackElo "2122"]
[Annotator "TA"]
[PlyCount "157"]
[EventDate "2022.06.18"]
[EventType "swiss"]
[EventCountry "CZE"]
[SourceTitle "playchess.com"]
[Source "ChessBase"]
[SourceQuality "1"]
[TimeControl "40/5400+30:1800+30"]

1. d4 Nf6 2. Bg5 Ne4 3. Bf4 c5 4. f3 Qa5+ 5. c3 Nf6 6. d5 Qb6 7. Bc1 e6 8. c4 exd5 9. cxd5 c4 {[%emt 0:01:00] A45: Trompowsky Attack.} 10. e3 Bc5 11. Kf2 O-O 12. Bxc4 Re8 13. Qb3 Qd6 14. Nh3 {[%emt 0:06:53] [#]} (14. Nc3 $11) 14... b5 $146 ({Predecessor:} 14... Na6 15. Nc3 Nc7 16. g3 b5 17. Bd3 Qe5 18. Kg2 Ncxd5 19. Nxd5 Nxd5 20. Re1 Nb4 21. Bxb5 Rb8 {½-½ (37) Liew,C (2287)-Segarra,R (2343) Manila 2013}) 15. Bxb5 Na6 $1 16. Nc3 Rb8 $1 17. Qd1 Nc7 18. Bc4 {[%emt 0:00:27] [#]} Qe5 ({Better is} 18... Rxe3 $1 $17 19. Bxe3 Rxb2+ 20. Kf1 Ba6) 19. Re1 (19. g3 $1 $15) 19... Qxh2 {[%emt 0:01:40] White must now prevent ...d6.} 20. Ne2 (20. Rh1 $17 Rxb2+ 21. Be2 Rxe2+ 22. Nxe2) 20... d6 $19 21. Nef4 {[%emt 0:10:35] [#]} (21. Rh1 Qe5 22. Nhf4) 21... Nh5 $1 22. Rh1 (22. b3 Nxf4) 22... Qg3+ 23. Kf1 Nxf4 ({Black should try} 23... Qh4 $19 24. Qe1 Ng3+ 25. Kg1 g5) 24. Nxf4 $17 Rxe3 (24... Bxe3 25. Bxe3 Rxe3 26. Qd4 $11) 25. Bxe3 Bxe3 26. Qc2 {[%emt 0:00:14] Inhibits Qf2+.} Bf5 {[%emt 0:01:52] This bishop pair is nice.} (26... Bxf4 27. Qxh7+ Kf8 28. Re1 $15) (26... g6 $1 $17 27. Nh3 Qe5) 27. Bd3 $11 Bxf4 28. Bxf5 Nxd5 29. Bxh7+ Kf8 30. Re1 Ne3+ 31. Rxe3 $1 Bxe3 32. Be4 {[%emt 0:01:59] And now Rh8+ would win.} Bh6 33. Rh5 {[%emt 0:01:56] Against Qe5} Re8 34. Qc3 Qf4 35. Rf5 Qc1+ 36. Qxc1 Bxc1 {[%emt 0:00:05][%mdl 4096] Endgame KRB-KRB} 37. Rb5 Be3 38. Ke2 Bb6 39. Kd3 Re5 40. Bd5 f5 41. a4 f4 42. a5 Bg1 43. b4 Rg5 44. Rb8+ Ke7 45. Rb7+ Kf6 46. Rf7+ Kg6 47. Bb3 Be3 48. Rd7 (48. g4 $2 fxg3 $1 49. f4 (49. Kxe3 $2 g2 $19) 49... g2 50. fxg5 g1=Q $19) 48... Rxg2 49. Rxd6+ (49. b5 {is more complex.} Rf2 50. b6 Bxb6 51. axb6 Rxf3+ 52. Kc4) 49... Kg5 {[%emt 0:01:46] Strongly threatening ...Rd2+.} 50. Kc3 {[%emt 0:00:00] Inhibits Rd2.} Kh4 51. Rd7 g5 52. Be6 Kg3 53. Bg4 Rf2 (53... Rg1 $11) 54. Rg7 $14 Bd2+ 55. Kc4 Be3 56. Rxg5 Rc2+ 57. Kb3 Rc7 58. b5 Rc1 59. Kb2 Kf2 60. Rd5 Rc4 61. Kb3 Rc1 62. Rh5 Kg2 63. Kb2 Rc4 64. Rg5 {[%emt 0:03:15] Threatens to win with Be6+.} Kf2 65. Kb3 Rc1 66. Rg7 Rb1+ 67. Kc4 Rc1+ 68. Kd3 Ra1 69. a6 Rb1 70. Rb7 Kg3 71. Ke4 Bb6 $2 {[%emt 0:00:59][%mdl 8192] [#]} (71... Rb2 $14) 72. Rxb6 $1 $18 axb6 {[%emt 0:00:02] [#] KR-KB} 73. Bd7 $1 (73. a7 Ra1 74. Kd5 Rxa7 $19) 73... Re1+ {[%emt 0:00:20] [#]} 74. Kd5 $2 (74. Kf5 $1 $18 Rh1 75. Bc6 (75. a7 $2 Ra1 $19) 75... Rh5+ 76. Ke6 Rh6+ 77. Ke5) 74... Kxf3 $11 {[%emt 0:00:15] Hoping for ...Kg3. The position is equal.} 75. Kc6 {[%emt 0:00:03] White threatens a7 and mate.} Kg3 $1 {[%emt 0:01:12] aiming for ...f3.} 76. a7 Ra1 77. Kb7 (77. Kxb6 f3 78. Be6 f2) 77... f3 {[%emt 0:00:32] ( -> ...f2)} 78. Be6 f2 79. Bc4 {[%emt 0:00:03][%mdl 32768] Never resign too early!  Weighted Error Value: White=0.19 (very precise) /Black=0.18 (very precise) . Loss on time!?} 1-0